 Dungeon Crawl Stone Soup version 0.29.1-1-gd02db6906a (webtiles) character file.

Game seed: 4081535755571481035

1871 sentinel the Thaumaturge (level 9, -8/62 HPs)
             Began as a Meteoran Earth Elementalist on Sept 27, 2022.
             Was a Believer of Cheibriados.
             Mangled by a two-headed ogre
             ... wielding a +0 giant spiked club
              (23 damage)
             ... on level 8 of the Dungeon.
             The game lasted 00:09:14 (920 turns).

sentinel the Thaumaturge (MeEE)                      Turns: 920, Time: 00:09:15

Health: -8/62      AC:  5    Str: 20    XL:     9   Next: 62%
Magic:  19/24      EV: 13    Int: 27    God:    Cheibriados [**....]
Gold:   6          SH:  0    Dex: 27    Spells: 22/28 levels left

rFire   . . .      SeeInvis +   p - +5 war axe "Hosymp" {holy, Str+4 Stlth+}
rCold   . . .      Faith    .   (no shield)
rNeg    . . .      Spirit   .   a - +0 robe
rPois   .          Reflect  .   e - +0 helmet
rElec   .          Harm     .   v - +1 cloak
rCorr   .          Rampage  .   (no gloves)
Will    +....                   (no boots)
Stlth   +.........              (no amulet)
HPRegen 0.20/turn               d - +6 ring of dexterity
MPRegen 0.19/turn               i - ring of see invisible

@: confused, glowing, studying Maces & Flails, very slow
A: sense surroundings 2, otherworldly, glowing, explore regen
a: Renounce Religion, Bend Time


You were on level 8 of the Dungeon.
You worshipped Cheibriados.
Cheibriados was pleased with you.
You visited 1 branch of the dungeon, and saw 9 of its levels.

You collected 6 gold pieces.

Inventory:

Hand Weapons
 p - the +5 war axe "Hosymp" (weapon) {holy, Str+4 Stlth+}
   (You found it on level 4 of the Dungeon)

   It has been blessed by the Shining One to cause great damage to the undead
   and demons.
   Str:       It affects your strength (+4).
   Stlth:     It makes you more stealthy.
Missiles
 n - a curare-tipped dart
 s - a throwing net
Armour
 a - a +0 robe (worn)
 e - a +0 helmet (worn)
 v - a +1 cloak (worn)
Jewellery
 c - a ring of protection from cold
 d - a +6 ring of dexterity (left hand)
 i - a ring of see invisible (right hand)
 q - the amulet "Caecra Xin" {Reflect Rampage SH+5}
   (You found it on level 4 of the Dungeon)

   [amulet of reflection]

   It reflects blocked missile attacks.
   SH:        It affects your SH (+5).
   Rampage:   It bestows one free step when moving towards enemies.
   Cheibriados disapproves of the use of such an item.
Wands
 D - a wand of digging (2)
Scrolls
 l - a scroll of silence {unknown}
 o - a scroll of brand weapon {unknown}
 r - a scroll of immolation
 t - a scroll of enchant armour {unknown}
 u - a scroll of teleportation {unknown}
 x - a scroll of fear {unknown}
Potions
 b - a potion of magic
 f - 4 potions of cancellation {unknown}
 g - a potion of might {unknown}
 h - 3 potions of flight {unknown}
 j - a potion of brilliance {unknown}
 k - a potion of heal wounds {unknown}
 m - a potion of attraction {unknown}
 w - a potion of curing {unknown}


   Skills:
 - Level 2.4 Dodging
 - Level 1.4 Stealth
 * Level 10.3 Spellcasting
 - Level 5.0 Conjurations
 - Level 1.2 Transmutations
 + Level 8.8 Earth Magic


You had 22 spell levels left.
You knew the following spells:

 Your Spells              Type           Power      Damage    Failure   Level
a - Sandblast             Erth           100%       2d20      1%          1
b - Stone Arrow           Conj/Erth      100%       3d13      1%          3
c - Passwall              Tmut/Erth      34%        N/A       1%          2

Your spell library contained the following spells:

 Spells                   Type           Power      Damage    Failure   Level
 Petrify                  Tmut/Erth      41%        N/A       5%          4


Dungeon Overview and Level Annotations

Branches:
Dungeon (9/15) Zot: 6793
 Temple: D:4-7         Lair: D:8-11         Orc: D:9-12

Altars:
Cheibriados
Dithmenos
Yredelemnul

Shops:
D:3 [   D:7 *=

Annotations:
D:3 1 runed translucent door, Notanamesir's ghost, amateur TeAE
D:5 1 transporter
D:8 3 runed translucent doors, t4s4d4r's ghost, novice DsFi


Innate Abilities, Weirdness & Mutations

You passively map the area around you.
You are easily found by Zot.
You glow in the dark.
You regain HP and MP as you explore.


Message History

The stone arrow misses the howler monkey.
You hear a zap.
You hear a grinding noise.
The blast of sand hits the howler monkey!
You kill the howler monkey!
Cheibriados thoroughly appreciates the change of pace.
Maurice the Thief comes into view.
He is wielding a +0 dagger and carrying a wand of digging (2).
The blast of sand hits the necrophage!!
You destroy the necrophage!
Cheibriados thoroughly appreciates the change of pace.
Casting: Sandblast (safe; 1% risk of failure)
Confirm with . or Enter, or press ? or * to list all spells.
Aiming: Stone Arrow (safe; 1% risk of failure)
Press: ? - help, Shift-Dir - straight line, f - Maurice
Aim: Maurice, wielding a +0 dagger, wearing a +1 cloak and carrying a wand of digging (2) (67% to hit)
Okay, then.
The blast of sand misses Maurice.
The blast of sand hits Maurice!!
Maurice is moderately wounded.
Maurice gestures wildly while chanting.
Maurice flickers and vanishes for a moment.
The blast of sand hits Maurice!
Maurice is heavily wounded.
Maurice shouts, "HAHA!"
Maurice mumbles some strange words.
Maurice blinks!
The blast of sand hits Maurice.
Maurice is heavily wounded.
The blast of sand hits Maurice!!
Maurice is almost dead.
Maurice hits you with a +0 dagger.
Maurice steals your scroll labelled GAXEDD MOITISCH!
Maurice barely misses you.
The blast of sand hits Maurice!
You kill Maurice!
Cheibriados appreciates the change of pace.
Your Spellcasting skill increases to level 10!
A white imp comes into view.
Items here: ! $ ) / ? [.
Okay, then.
Okay, then.
D - a wand of digging (2);
c - a scroll labelled GAXEDD MOITISCH
f - 4 viscous yellow potions (gained 1)
You now have 6 gold pieces.
v - a +1 cloak You can't see any susceptible monsters within range! (Use Z to cast anyway.)
A centaur comes into view.
The centaur shouts!
You hear a shout! x2
The centaur wields a +0 shortbow.
The centaur shoots an arrow.
The arrow hits you!
You can't see any susceptible monsters within range! (Use Z to cast anyway.)
Casting: Sandblast (safe; 1% risk of failure)
Confirm with . or Enter, or press ? or * to list all spells.
You can't see any susceptible monsters within range! (Use Z to cast anyway.) Unknown command.
The centaur shoots an arrow.
The arrow hits you.
The centaur shoots an arrow.
The arrow hits you.
Casting: Sandblast (safe; 1% risk of failure)
Confirm with . or Enter, or press ? or * to list all spells.
Aiming: Sandblast (safe; 1% risk of failure)
Press: ? - help, Shift-Dir - straight line, f - centaur
Aim: a centaur, wielding a +0 shortbow (91% to hit)
Okay, then.
Casting: Sandblast (safe; 1% risk of failure)
Confirm with . or Enter, or press ? or * to list all spells.
Aiming: Stone Arrow (safe; 1% risk of failure)
Press: ? - help, Shift-Dir - straight line, f - centaur
Aim: a centaur, wielding a +0 shortbow (85% to hit)
The stone arrow hits the centaur!
The centaur is severely wounded.
The white imp shouts, "Flee, thou clouted fob-snatching scavenger!"
The centaur shoots an arrow.
The arrow closely misses you. The white imp gestures at you.
The puff of frost misses you.
Casting: Stone Arrow (safe; 1% risk of failure)
Confirm with . or Enter, or press ? or * to list all spells.
Aiming: Stone Arrow (safe; 1% risk of failure)
Press: ? - help, Shift-Dir - straight line, f/p - centaur
Aim: a centaur, wielding a +0 shortbow (severely wounded, 85% to hit)
The stone arrow hits the centaur!!
You kill the centaur!
Cheibriados thoroughly appreciates the change of pace.
Cheibriados raises the support of your attributes as your movement slows.
Casting: Stone Arrow (safe; 1% risk of failure)
Confirm with . or Enter, or press ? or * to list all spells.
You can't see any susceptible monsters within range! (Use Z to cast anyway.)
Casting: Stone Arrow (safe; 1% risk of failure)
Confirm with . or Enter, or press ? or * to list all spells.
Aiming: Sandblast (safe; 1% risk of failure)
Press: ? - help, Shift-Dir - straight line, f - white imp
Aim: a white imp (85% to hit)
The blast of sand hits the white imp!!
You kill the white imp!
Cheibriados appreciates the change of pace.
w - a bubbling pink potion You start putting on your armour.
You continue putting on your +1 cloak. x4
You finish putting on your +1 cloak.
Found a granite ring.
HP restored.
Autopickup is now off.
You see here a ring of protection from cold.
Okay, then.
c - a ring of protection from cold;
x - a scroll labelled GAXEDD MOITISCH
There is a stone staircase leading down here.
You climb downwards.
There is a stone staircase leading up here.
Autopickup is now on.
Found 17 gold pieces.
As you read the scroll labelled VIBRIA SACHOL, it crumbles to dust.
The air around you briefly surges with heat, but it dissipates.
It was a scroll of immolation.
Okay, then.
Found a stone staircase leading up.
There is a stone staircase leading up here.
You climb upwards.
Level annotation: 3 runed translucent doors, t4s4d4r's ghost, novice DsFi The orc wizard shouts!
The two-headed ogre shouts in stereo!
The orc wizard shouts!
You hear a shout! x2
Found a hand axe.
There is a stone staircase leading down here.
Casting: Sandblast (safe; 1% risk of failure)
Confirm with . or Enter, or press ? or * to list all spells.
Aiming: Stone Arrow (safe; 1% risk of failure)
Press: ? - help, Shift-Dir - straight line, f - two-headed ogre
Aim: a two-headed ogre, wielding two +0 giant spiked clubs (89% to hit)
The stone arrow hits the two-headed ogre!!
The two-headed ogre is severely wounded.
The orc wizard shouts!
The orc shouts! x2; You hear a howl!
The orc wizard casts a spell.
The orc wizard flickers and vanishes for a moment.
The orc wizard closely misses you.
Casting: Stone Arrow (safe; 1% risk of failure)
Confirm with . or Enter, or press ? or * to list all spells.
Aiming: Stone Arrow (safe; 1% risk of failure)
Press: ? - help, Shift-Dir - straight line, f/p - two-headed ogre
Aim: a two-headed ogre, wielding two +0 giant spiked clubs (severely wounded, 89% to hit)
The stone arrow hits the two-headed ogre!
The two-headed ogre is severely wounded.
An orc comes into view. It is wielding a +0 long sword.
The two-headed ogre hits you with a +0 giant spiked club!! x2
* * * LOW HITPOINT WARNING * * *
The orc wizard casts a spell at you.
You are confused.
The orc wizard barely misses you.
You're too confused to cast spells.
You're too confused to move!
The orc wizard hits you but does no damage.
An orc comes into view. It is wielding a +0 mace.
The orc throws a stone.
The stone hits you but does no damage.
The two-headed ogre hits you with a +0 giant spiked club!!
You die...

* * * * * ,
....,,, ,, ,
,.... , *
....., , *
** ... ,
..., , ,
***#'#####
#.....# * ,,
, **
#.o@..#* , ,
#.O...# ,
#....oo.. ,,
,
#.#'#'..oo.,
,
#.#.#..o)..
#.#.#.#....
,
#,#..,##.o.
, , ### *
##. , *, *


You could see a two-headed ogre, 3 orc wizards and 4 orcs.

Vanquished Creatures
  Maurice (D:8)
  A hornet (D:8)
  A yak (D:4)
  A steam dragon (D:8)
  An orc warrior (D:7)
  A centaur (D:8)
  A kobold brigand (D:4)
  A bullfrog (D:4)
  2 necrophages
  2 scorpions
  2 howler monkeys
  A gnoll bouda (D:8)
  5 orc priests
  3 iguanas (D:5)
  2 orc wizards
  6 gnolls
  3 adders (D:4)
  3 white imps
  An ufetubus (D:4)
  4 dart slugs
  2 worms
  7 orcs
  4 ball pythons
  3 bats (D:1)
  3 endoplasms
  3 giant cockroaches
  5 goblins
  3 hobgoblins
  3 jackals (D:2)
  A kobold (D:1)
  A rat (D:3)
77 creatures vanquished.

Vanquished Creatures (others)
  9 plants (D:8)
9 creatures vanquished.

Grand Total: 86 creatures vanquished

Notes
Turn   | Place    | Note
-------+----------+-------------------------------------------
     0 | D:1      | sentinel the Meteoran Earth Elementalist began the quest
                  | for the Orb.
     0 | D:1      | Reached XP level 1. HP: 14/14 MP: 5/5
    51 | D:1      | Reached XP level 2. HP: 18/20 MP: 4/6
    78 | D:1      | Reached XP level 3. HP: 26/26 MP: 2/8
   131 | D:2      | Reached skill level 5 in Earth Magic
   168 | D:2      | Learned a level 2 spell: Passwall
   172 | D:2      | Learned a level 3 spell: Stone Arrow
   178 | D:2      | Found a basalt altar of Yredelemnul.
   203 | D:3      | Found Pettets's Antique Armour Emporium.
   224 | D:3      | Reached XP level 4. HP: 33/33 MP: 4/9
   230 | D:3      | Found a runed translucent door.
   231 | D:3      | Noticed Notanamesir's ghost (amateur TeAE)
   245 | D:3      | Found a snail-covered altar of Cheibriados.
   253 | D:3      | Became a worshipper of Cheibriados the Contemplative
   273 | D:2      | Reached skill level 3 in Spellcasting
   274 | D:2      | Reached skill level 1 in Conjurations
   346 | D:3      | Found a faded altar of an unknown god.
   349 | D:3      | Found a shadowy altar of Dithmenos.
   378 | D:3      | Reached XP level 5. HP: 28/38 MP: 0/11
   403 | D:4      | Noticed a kobold brigand
   403 | D:4      | Found a large runed translucent door.
   405 | D:4      | Noticed a bullfrog
   407 | D:4      | Reached skill level 4 in Spellcasting
   407 | D:4      | Reached XP level 6. HP: 45/45 MP: 5/13
   407 | D:4      | Found a large runed translucent door.
   409 | D:4      | Found a large runed translucent door.
   409 | D:4      | Found a large runed translucent door.
   421 | D:4      | Reached * piety under Cheibriados
   425 | D:4      | Reached XP level 7. HP: 18/50 MP: 1/15
   433 | D:4      | Identified the +5 war axe "Hosymp" {holy, Str+4 Stlth+}
   441 | D:4      | Identified the amulet "Caecra Xin" {Reflect Rampage SH+5}
   468 | D:4      | Reached skill level 5 in Spellcasting
   468 | D:4      | Noticed a yak
   485 | D:4      | Killed a yak
   581 | D:4      | Reached skill level 5 in Conjurations
   598 | D:5      | Entered Level 5 of the Dungeon
   605 | D:5      | Reached skill level 6 in Spellcasting
   605 | D:5      | Reached XP level 8. HP: 57/57 MP: 13/18
   612 | D:5      | Found a transporter.
   685 | D:7      | Found Wyxiuz's Jewellery Emporium.
   687 | D:7      | Found Zaxtias's Assorted Antiques.
   734 | D:7      | Reached ** piety under Cheibriados
   743 | D:7      | Reached skill level 7 in Spellcasting
   797 | D:8      | Found a runed translucent gate.
   797 | D:8      | Found a runed translucent gate.
   797 | D:8      | Found a runed translucent gate.
   798 | D:8      | Noticed t4s4d4r's ghost (novice DsFi)
   799 | D:8      | Noticed a slime creature
   801 | D:8      | Noticed a slime creature
   813 | D:8      | Noticed a steam dragon
   818 | D:8      | Killed a steam dragon
   819 | D:8      | Reached skill level 8 in Spellcasting
   823 | D:8      | Gained mutation: You passively map the area around you.
                  | [Meteoran growth]
   823 | D:8      | Reached XP level 9. HP: 62/62 MP: 10/22
   829 | D:8      | Noticed a hornet
   832 | D:8      | Killed a hornet
   833 | D:8      | Reached skill level 9 in Spellcasting
   837 | D:8      | Noticed Maurice
   846 | D:8      | Killed Maurice
   847 | D:8      | Reached skill level 10 in Spellcasting
   917 | D:8      | Noticed a two-headed ogre
   920 | D:8      | Mangled by a two-headed ogre

Illustrated notes

Levels and vault maps discovered:
D:1:      dpeg_arrival_lava_altar, layout_rooms
D:2:      layout_rooms, basic_altar, kennysheep_generic_room_16
D:3:      layout_basic, nicolae_overflow_crystal_walls,
          nicolae_overflow_ecumenical_swirl, ebering_ghost_sewer_f,
          serial_shops, shop, uniq_jessica
D:4:      layout_gridville, fiery_altar_vehumet,
          nicolae_overflow_quartered_altars, minmay_hollow_rounded_squares
D:5:      layout_rooms, serial_shops, kennysheep_mini_moat,
          gammafunk_ghost_abyssal_escape, hangedman_abyss_or_decor_slice
D:6:      layout_basic, minmay_temple_entry_large_hall,
          chequers_serial_rivers_micro_a, bh_walls_and_bars
D:7:      layout_basic, enter_bailey_2, serial_shops, nicolae_square_shop, shop,
          nicolae_take_the_stairs, nicolae_square_shop, minmay_misc_feat_plants
D:8:      layout_basic, nemelex_diamond_rough_becter, erik_lair_orcish_takeover,
          gammafunk_ghost_ooze, nicolae_grassy_gnolls, uniq_maurice
D:9:      layout_basic

Skill      XL: |  1  2  3  4  5  6  7  8  9 |
---------------+----------------------------+-----
Earth Magic    | 4 5 6 7 8 |  8.8
Spellcasting   | 3 4 6 8 10 | 10.3
Conjurations   | 1 2 3 5 |  5.0
Dodging        | |  2.4
Stealth        | |  1.4
Transmutations | |  1.2

Action                   |  1- 3 |  4- 6 |  7- 9 || total
-------------------------+-------+-------+-------++-------
Melee: Unarmed           |     1 |       |       ||     1
       War axe           |       |       |     1 ||     1
 Cast: Sandblast         |    24 |    28 |    58 ||   110
       Passwall          |     4 |     3 |     6 ||    13
       Stone Arrow       |       |     5 |    23 ||    28
  Use: Scroll            |       |       |     2 ||     2
Armor: Robe              |     6 |     7 |     6 ||    19
Dodge: Dodged            |    14 |     3 |    14 ||    31
